 Dungeon Crawl Stone Soup version 0.29-a0-577-gafbf2c5d25 (webtiles) character file.

Game seed: 2196405964545933579

30 happo123 the Vexing (level 3, 0/20 HPs)
             Began as a Deep Elf Enchanter on June 14, 2022.
             Killed by divine providence
             ... invoked by an orc priest
              (13 damage)
             ... on level 3 of the Dungeon.
             The game lasted 00:05:45 (1710 turns).

happo123 the Vexing (Deep Elf Enchanter)            Turns: 1710, Time: 00:05:45

Health: 0/20       AC:  3    Str:  5    XL:     3   Next: 3%
Magic:  0/9        EV: 12    Int: 21    God:
Gold:   231        SH:  0    Dex: 15    Spells: 0/8 levels left

rFire   . . .      SeeInvis .   a - +1 dagger
rCold   . . .      Faith    .   (no shield)
rNeg    . . .      Spirit   .   b - +0 robe
rPois   .          Reflect  .   (no helmet)
rElec   .          Harm     .   n - +0 cloak
rCorr   .          Rampage  .   (no gloves)
Will    .....                   (no boots)
Stlth   +++.......              e - amulet of regeneration
HPRegen 0.86/turn               (no ring)
MPRegen 0.11/turn               (no ring)

@: confusing by touch
A: no striking features
a: no special abilities


You were on level 3 of the Dungeon.
You visited 1 branch of the dungeon, and saw 3 of its levels.

You collected 231 gold pieces.

Inventory:

Hand Weapons
 a - a +1 dagger (weapon)
Armour
 b - a +0 robe (worn)
 n - a +0 cloak (worn)
Jewellery
 e - an amulet of regeneration (around neck)
Scrolls
 d - 2 scrolls of enchant armour {unknown}
 f - a scroll of blinking {unknown}
 g - a scroll of amnesia {unknown}
 i - a scroll of vulnerability {unknown}
 k - a scroll of magic mapping {unknown}
 l - 2 scrolls of identify {unknown}
 m - a scroll of enchant weapon {unknown}
 p - a scroll of acquirement {unknown}
Potions
 c - 2 potions of invisibility
 h - a potion of heal wounds {unknown}
 j - a potion of resistance {unknown}
 o - 2 potions of haste {unknown}


   Skills:
 + Level 0.5 Fighting
 + Level 1.3 Short Blades
 + Level 2.6 Dodging
 * Level 4.1 Stealth
 + Level 3.2 Spellcasting
 * Level 4.4 Hexes
 + Level 0.3 Ice Magic


You couldn't memorise any spells.
You knew the following spells:

 Your Spells              Type           Power      Damage    Failure   Level
a - Ensorcelled Hibernat  Hex/Ice        26%        N/A       8%          2
b - Confusing Touch       Hex            22%        N/A       6%          3
c - Tukima's Dance        Hex            22%        N/A       6%          3

Your spell library contained the following spells:

 Spells                   Type           Power      Damage    Failure   Level
 Dazzling Flash           Conj/Hex       24%        N/A       16%         3


Dungeon Overview and Level Annotations

Branches:
Dungeon (3/15)

Altars:


Message History

The bat is severely wounded.
The bat hits you but does no damage.
You hit the bat.
You kill the bat!
You see here a bat corpse.
You now have 231 gold pieces (gained 12).
An orc wizard comes into view.
It is wielding a +0 dagger. 2 orcs come into view.
An orc priest comes into view. It is wielding a +0 hand axe.
The orc wizard shouts!
The orc priest shouts!
The orc shouts!
Aiming: Ensorcelled Hibernation (safe; 8% risk of failure)
Press: ? - help, Q - select action Shift-Dir - straight line, f - orc wizard
Aim: an orc wizard, wielding a +0 dagger and wearing a +0 robe (chance to affect: 47%)
The orc wizard resists with some effort.
The orc wizard casts a spell at you. You resist with some effort.
Aiming: Ensorcelled Hibernation (safe; 8% risk of failure)
Press: ? - help, Q - select action Shift-Dir - straight line, f/p - orc wizard
Aim: an orc wizard, wielding a +0 dagger and wearing a +0 robe (chance to affect: 47%)
The orc wizard resists with some effort.
The orc wizard casts a spell at you. The magic dart hits you!
Aiming: Ensorcelled Hibernation (safe; 8% risk of failure)
Press: ? - help, Q - select action Shift-Dir - straight line, f/p - orc wizard
Aim: an orc wizard, wielding a +0 dagger and wearing a +0 robe (chance to affect: 47%)
The orc wizard resists with some effort.
The orc wizard gestures wildly while chanting.
The orc wizard flickers and vanishes!
Deactivating autopickup; reactivate with Ctrl-A.
Aiming: Ensorcelled Hibernation (safe; 8% risk of failure)
Press: ? - help, Q - select action Shift-Dir - straight line
Okay, then.
Casting: Ensorcelled Hibernation (safe; 8% risk of failure)
Confirm with . or Enter, or press ? or * to list all spells.
The spell is quite dangerous to miscast (6% risk of failure)!
Continue anyway?
Your hands begin to glow red.
The orc priest mumbles some strange prayers to Beogh against you.
Beogh smites you!
Ouch! That really hurt!
You die...

...?.#.#.#.....†...#
....................#
#...#.#.#.#.........#
.##...#..............##
........#.....#.....##
....#......##########
o......###...#
#...o.o##...# #
#.o{@...# #.###...# #.
#...# .. .#### #.. .
#.. .. #.. .. #.....


You could see an orc priest and 2 orcs.

Vanquished Creatures
  A dart slug (D:1)
  2 ball pythons (D:1)
  2 bats
  2 endoplasms (D:2)
  2 giant cockroaches (D:1)
  2 goblins (D:1)
  4 hobgoblins
  2 quokkas
  4 kobolds
  3 rats
24 creatures vanquished.

Notes
Turn   | Place    | Note
-------+----------+-------------------------------------------
     0 | D:1      | happo123 the Deep Elf Enchanter began the quest for the
                  | Orb.
     0 | D:1      | Reached XP level 1. HP: 10/10 MP: 6/6
   125 | D:1      | Reached XP level 2. HP: 10/15 MP: 8/8
   130 | D:1      | Learned a level 2 spell: Ensorcelled Hibernation
   411 | D:1      | Found a faded altar of an unknown god.
  1477 | D:2      | Reached XP level 3. HP: 20/20 MP: 6/9
  1481 | D:2      | Learned a level 3 spell: Confusing Touch
  1485 | D:2      | Learned a level 3 spell: Tukima's Dance
  1710 | D:3      | Killed from afar by an orc priest

Illustrated notes

Levels and vault maps discovered:
D:1:      heliophobic_arrival_henge, layout_basic,
          hellmonk_ecumenical_altar_heavens_door, grunt_decor_junction,
          dreamdust_wishing_well
D:2:      layout_basic, item_on_display_a
D:3:      layout_rooms, serial_glass, glass_columns_b, glass_columns_b,
          glass_columns_c, glass_columns_b, glass_columns_a, glass_columns_b,
          serial_shops, nicolae_square_shop, kennysheep_small_spiral,
          dk_noncrumbling_2

Skill      XL: |  1  2 |
---------------+-------+-----
Stealth        | 4 |  4.1
Fighting       | |  0.5
Short Blades   | |  1.3
Dodging        | |  2.6
Spellcasting   | |  3.2
Hexes          | |  4.4
Ice Magic      | |  0.3

Action                   || total
-------------------------++-------
Melee: Dagger            ||    48
 Cast: Ensorcelled Hiber ||    15
       Confusing Touch   ||     1
 Stab: Sleeping          ||    14
       Distracted        ||     1
Armor: Robe              ||     8
Dodge: Dodged            ||    23

Table legend: (Time is in decaauts)
 A = Elapsed time spent in this place.
 B = Non-inter-level travel time spent in this place.
 C = Inter-level travel time spent in this place.
 D = Time resting spent in this place.
 E = Time spent auto-exploring this place.
 F = Levels seen in this place.
 G = Mean time per level.
                   A        B        C        D        E       F      G
               +--------+--------+--------+--------+--------+-----+--------+
         Total |   1706 |   1575 |    131 |      0 |   1335 |   3 |  568.7 |
       Dungeon |   1706 |   1575 |    131 |      0 |   1335 |   3 |  568.7 |
               +--------+--------+--------+--------+--------+-----+--------+

Top non-repeatable levels by time:
     D:1: 983 daAuts
     D:2: 686 daAuts
     D:3: 35 daAuts
